 Dungeon Crawl Stone Soup version 0.29-a0-2-g12fcac58f8 (webtiles) character file.

Game seed: 7613029615346718926

0 croobank the Sneak (level 1, -1/10 HPs)
             Began as a Felid Delver on Jan 27, 2022.
             Killed by divine providence
             ... invoked by an orc priest
              (11 damage)
             ... on level 4 of the Dungeon.
             The game lasted 00:01:05 (140 turns).

croobank the Sneak (Felid Delver)                    Turns: 140, Time: 00:01:05

Health: -1/10      AC:  1    Str:  8    XL:     1   Next: 0%
Magic:  2/2        EV: 17    Int: 11    God:
Gold:   26         SH:  0    Dex: 17    Spells: 0/0 levels left
                                        Lives:  0   Deaths: 0

rFire   . . .      SeeInvis +     - Unarmed
rCold   . . .      Faith    .   (shield unavailable)
rNeg    . . .      Spirit   .   (armour unavailable)
rPois   .          Reflect  .   (helmet unavailable)
rElec   .          Harm     .   (cloak unavailable)
rCorr   .          Rampage  .   (gloves unavailable)
Will    .....                   (boots unavailable)
Stlth   +++.......              (no amulet)
HPRegen 0.03/turn               (no ring)
MPRegen 0.08/turn               (no ring)

@: quick
A: very small, claws 1, fangs 3, see invisible, speed 1, shaggy fur 1, stealthy
paws, no weapons or thrown items, no armour, multi-lived
a: no special abilities


You were on level 4 of the Dungeon.
You visited 1 branch of the dungeon, and saw 2 of its levels.

You collected 26 gold pieces.

Inventory:

Wands
 e - a wand of digging (3)
Scrolls
 a - a scroll of fog
 b - a scroll of magic mapping
 c - a scroll of fear
 h - a scroll of enchant weapon {unknown}
 i - a scroll of enchant armour {unknown}
Potions
 d - 3 potions of haste
 f - a potion of heal wounds {unknown}
 g - a potion of mutation {unknown}


   Skills:
 + Level 3.0 Fighting
 + Level 2.6 Dodging
 + Level 6.6 Stealth
 + Level 2.0 Unarmed Combat


You couldn't memorise any spells.
You didn't know any spells.
Your spell library was empty.

Dungeon Overview and Level Annotations

Branches:
Dungeon (5/15)
 Temple: D:4-7

Altars:

Annotations:
D:5 1 runed translucent door, hgbash's ghost, amateur OpCj


Innate Abilities, Weirdness & Mutations

You have sharp claws.
You have razor-sharp teeth.
You have supernaturally acute eyesight. (SInv)
You cover ground quickly. (Speed+)
You are covered in fur. (AC +1)
Your paws help you pounce on unaware monsters.
You are incapable of wielding weapons or throwing items.
You cannot wear armour.
You gain extra lives every three experience levels.


Message History

There is an open gate here.
An ogre comes into view. It is wielding a +0 giant club.
Found a dagger.
You see here a +0 dagger.
You now have 26 gold pieces (gained 14).
f - a ruby potion
g - a bubbling inky potion A phantom comes into view.
An iguana comes into view.
The iguana hisses angrily.
Found a runed translucent door.
Found a scroll labelled WETZOD USEWI and a viscous red potion.
Hgbash's ghost turns its malevolent gaze towards you.
Found a ring mail and 10 gold pieces.
Found a stone staircase leading up.
A quokka comes into view.
There is a stone staircase leading up here.
You climb upwards.
There is a stone staircase leading down here.
An iguana comes into view.
You open the door.
Found a scroll labelled JUUSCH PETHRE.
There is an open door here.
h - a scroll labelled JUUSCH PETHRE
Found a stone staircase leading down.
Found a scroll labelled NYEZXI ASYIM and 2 potions of haste.
A ball python comes into view.
You see here a scroll labelled NYEZXI ASYIM.
i - a scroll labelled NYEZXI ASYIM You see here 2 potions of haste.
d - 3 potions of haste (gained 2)
The ball python hisses angrily.
An orc comes into view. It is wielding a +0 hand axe.
The orc shouts!
You hear a shout!
The ball python closely misses you.
The ball python misses you. 2 orcs come into view.
An orc priest comes into view. It is wielding a +0 club.
The orc priest invokes the aid of Beogh against you.
Beogh smites you!
Ouch! That really hurt!
You die...

o.....#
oo...#
.....#
.o...#
#....#
+....#
#....#
####@...#
#....####
#...S#
+....#
#....#
###...l##
#.......#
#.......#
#.......#


You could see an iguana, an orc priest, 3 orcs and a ball python.

Vanquished Creatures (others)
  A plant (D:5)
1 creature vanquished.

Notes
Turn   | Place    | Note
-------+----------+-------------------------------------------
     0 | D:5      | croobank the Felid Delver began the quest for the Orb.
     0 | D:5      | Reached XP level 1. HP: 10/10 MP: 2/2
    20 | D:5      | Noticed an ogre
    74 | D:5      | Noticed a phantom
    77 | D:5      | Noticed an iguana
    90 | D:5      | Found a runed translucent door.
    93 | D:5      | Noticed hgbash's ghost (amateur OpCj)
   101 | D:4      | Noticed an iguana
   140 | D:4      | Noticed an orc priest
   140 | D:4      | Killed from afar by an orc priest

Illustrated notes

Levels and vault maps discovered:
D:4:      layout_gridville, minmay_temple_entry_water_ring
D:5:      layout_loops_ring, fedhas_altar_1, trog_three_pillars_becter,
          overflow_temple_1_default, hellmonk_ghost_happy_afterlife,
          minmay_tree_intersection, minmay_misc_feat_columns, minmay_shop_mass,
          kennysheep_windowed_goal, uniq_edmund

Action                   || total
-------------------------++-------
Dodge: Dodged            ||     2

Table legend: (Time is in decaauts)
 A = Elapsed time spent in this place.
 B = Non-inter-level travel time spent in this place.
 C = Inter-level travel time spent in this place.
 D = Time resting spent in this place.
 E = Time spent auto-exploring this place.
 F = Levels seen in this place.
 G = Mean time per level.
                   A        B        C        D        E       F      G
               +--------+--------+--------+--------+--------+-----+--------+
         Total |    114 |    114 |      0 |      0 |     29 |   2 |   57.0 |
       Dungeon |    114 |    114 |      0 |      0 |     29 |   2 |   57.0 |
               +--------+--------+--------+--------+--------+-----+--------+

Top non-repeatable levels by time:
     D:5: 80 daAuts
     D:4: 33 daAuts
